AoeStats
← dizzygreenman

Arabia

510589648Analyzed
1v1 RM · 8h ago on Oct 1, 2026· 59m 23s· 2 players
Game mode
Random Map
Map size
Tiny (2 player)
Population
200
Speed
Normal
Resources
Standard
Victory
Conquest
Starting age
Dark Age
Ending age
Imperial Age
RankedLock teamsTeams togetherTeam positionsShared explorationLock speedFull tech treeHidden civsTurbo modeCheats
Victory
Defeat
🇨🇿 Vietnamese · Czechia
282
+12
🇺🇸 Poles · United States
185
-12
dizzygreenman
4:47 Loom
15:22 Feudal Age
18:33 Fletching
23:16 Bloodlines
30:48 Scale Barding Armor
30:54 Forging
31:16 Arson
31:36 Double-Bit Axe
31:35 Horse Collar
41:28 Wheelbarrow
45:42 Castle Age
46:24 Bodkin Arrow
47:38 Husbandry
47:00 Light Cavalry
48:04 Chain Barding Armor
48:21 Iron Casting
49:18 Heavy Plow
B.A.L.D.CZ
8:13 Loom
10:40 Feudal Age
16:46 Fletching
19:20 Wheelbarrow
27:47 Castle Age
28:01 Crossbowman
31:29 Double-Bit Axe
31:27 Horse Collar
32:42 Bodkin Arrow
34:26 Heavy Plow
35:37 Padded Archer Armor
46:09 Leather Archer Armor
52:51 Imperial Age
52:51 Hand Cart
52:50 Scale Mail Armor
53:21 Pikeman
54:26 Sappers
54:25 Arbalester
Connection lost

Rejoining the realm…

Still unreachable

The connection could not be restored.

Session expired

The server has moved on; the page needs a fresh start.